 Dungeon Crawl Stone Soup version 0.26.1-2-gb8aa6d0cf2 (webtiles) character file.

Game seed: 1040401645283316490

802 Gadfly the Unbeliever (level 7, 0/70 HPs)
             Began as an Ogre Monk on Feb 13, 2021.
             Slain by an ufetubus (2 damage)
             ... on level 5 of the Dungeon.
             The game lasted 00:06:38 (5693 turns).

Gadfly the Unbeliever (Ogre Monk)                   Turns: 5693, Time: 00:06:39

Health: 0/70       AC:  4    Str: 18    XL:     7   Next: 90%
Magic:  10/10      EV: 10    Int: 11    God:
Gold:   252        SH:  0    Dex: 11    Spells: 6/6 levels left

rFire    . . .     SeeInvis .   a - +2 whip (elec)
rCold    . . .     Faith    .   (no shield)
rNeg     . . .     Spirit   .   c - +1 robe
rPois    .         Reflect  .   (helmet restricted)
rElec    .         Harm     .   (no cloak)
rCorr    .         Rampage  .   (gloves unavailable)
Will     .....                  (boots unavailable)
Stlth    ++........             (no amulet)
HPRegen  0.21/turn              (no ring)
MPRegen  0.12/turn              (no ring)

@: no status effects
A: large, unfitting armour, tough skin 1
a: no special abilities


You were on level 5 of the Dungeon.
You visited 1 branch of the dungeon, and saw 5 of its levels.

You collected 252 gold pieces.

Inventory:

Hand Weapons
 a - a +2 whip of electrocution (weapon)
 b - a +0 whip of venom
 f - a +2 whip of holy wrath
 l - a +0 flail
Missiles
 d - 2 boomerangs (quivered)
Armour
 c - a +1 robe (worn)
Wands
 n - a wand of iceblast (9)
Scrolls
 h - 6 scrolls of teleportation
 i - a scroll of identify
 j - 2 scrolls of fear
 m - a scroll of fog
 p - 3 scrolls of enchant armour
Potions
 e - 2 potions of curing
 g - a potion of haste
 k - a potion of cancellation
 o - a potion of attraction


   Skills:
 - Level 4.0 Fighting
 + Level 3.8 Maces & Flails
 * Level 3.7 Throwing
 * Level 3.0 Armour
 - Level 2.6 Dodging
 - Level 1.4 Stealth
 * Level 4.1 Invocations
 * Level 3.0 Evocations


You had 6 spell levels left.
You didn't know any spells.
Your spell library was empty.

Dungeon Overview and Level Annotations

Branches:
Dungeon (5/15)
 Temple: D:4-7

Altars:
Elyvilon
Xom


Innate Abilities, Weirdness & Mutations

You are too large for most types of armour.
You have tough skin. (AC +1)


Message History

* * * LOW HITPOINT WARNING * * *
You whack the white imp!
Lightning courses through the white imp!
You kill the white imp!
The centaur shoots an arrow.
The arrow hits you.
* * * LOW HITPOINT WARNING * * *
You feel better. The worm closely misses you.
You completely miss the ufetubus. The ufetubus hits you.
* * * LOW HITPOINT WARNING * * *
The ufetubus closely misses you.
The ufetubus hits you but does no damage.
The ufetubus misses you. The ufetubus barely misses you. x2
The ufetubus hits you.
* * * LOW HITPOINT WARNING * * *
The ufetubus barely misses you.
You barely miss the ufetubus.
The ufetubus hits you but does no damage. x2
You closely miss the ufetubus. The ufetubus barely misses you.
The ufetubus closely misses you. x2; The ufetubus hits you.
You die...

..........# #..
....#.....# #..
....##....####..
#...........##.. #..#
#...#.##.. ###..#
#...#.##.. #w...#
#...#(###. #5#..#
#..(...... #@##w#
#...#.###.
........##c####.(.......
#.########..((#(#...###.
#...w..#...# #.
#..........# #.
#..........# #.
#..........# #.
#..........# #.
.............##.


You could see a worm and an ufetubus.

Vanquished Creatures
  A phantom (D:5)
  An ogre (D:4)
  A centaur (D:4)
  A howler monkey (D:3)
  3 crimson imps (D:3)
  A centaur skeleton (D:4)
  A hound (D:4)
  2 iguanas
  2 worker ants
  11 adders
  5 gnolls
  A white imp (D:5)
  An adder skeleton (D:4)
  3 worms (D:3)
  2 dart slugs
  4 leopard geckos
  7 orcs
  3 ball pythons
  5 giant cockroaches
  7 goblins
  7 hobgoblins
  4 jackals (D:1)
  9 bats
  3 frilled lizards
  10 kobolds
  A quokka skeleton (D:4)
  5 rats
101 creatures vanquished.

Notes
Turn   | Place    | Note
-------+----------+-------------------------------------------
     0 | D:1      | Gadfly the Ogre Monk began the quest for the Orb.
     0 | D:1      | Reached XP level 1. HP: 24/24 MP: 1/1
   180 | D:1      | Reached XP level 2. HP: 26/32 MP: 2/2
   433 | D:1      | Reached skill level 1 in Invocations
   436 | D:1      | Reached skill level 1 in Throwing
   805 | D:1      | Reached XP level 3. HP: 37/39 MP: 3/3
  1532 | D:2      | Reached skill level 1 in Evocations
  1606 | D:2      | Reached skill level 1 in Armour
  1610 | D:2      | Reached XP level 4. HP: 26/48 MP: 5/5
  2955 | D:3      | Reached XP level 5. HP: 51/54 MP: 6/6
  3702 | D:3      | Found a shimmering altar of Xom.
  3713 | D:3      | Reached XP level 6. HP: 62/62 MP: 6/8
  4355 | D:4      | Reached XP level 7. HP: 66/70 MP: 9/9
  4396 | D:4      | Found a white marble altar of Elyvilon.
  5398 | D:5      | Entered Level 5 of the Dungeon
  5685 | D:5      | HP: 1/70 [centaur/arrow (5)]
  5691 | D:5      | HP: 2/70 [ufetubus (5)]
  5693 | D:5      | Slain by an ufetubus

Illustrated notes

Levels and vault maps discovered:
D:1:      dpeg_arrival_chambers_temple_mockup, layout_rooms,
          minmay_statues_item, corexii_hall_statues_s
D:2:      layout_basic
D:3:      kennysheep_big_flooded_room, layout_rooms, led_xom_imps
D:4:      minmay_recursive_quarters, layout_basic, dk_noncrumbling_2,
          elyvilon_altar_1
D:5:      layout_basic, serial_park_tiny_2, uniq_edmund

Skill      XL: |  1  2  3  4  5  6  7 |
---------------+----------------------+-----
Invocations    | 1 2 3 4 |  4.1
Throwing       | 1 2 3 |  3.7
Evocations     | 1 2 3 |  3.0
Armour         | 1 2 3 |  3.0
Maces & Flails | 3 |  3.8
Fighting       | |  4.0
Dodging        | |  2.6
Stealth        | |  1.4

Action                   |  1- 3 |  4- 6 |  7- 9 || total
-------------------------+-------+-------+-------++-------
Melee: Mace              |   115 |    14 |       ||   129
       Whip              |       |   157 |    55 ||   212
Throw: Boomerang         |       |     9 |       ||     9
  Use: Scroll            |     2 |     6 |     2 ||    10
       Potion            |     2 |     1 |     2 ||     5
 Stab: Sleeping          |       |     1 |     1 ||     2
Armor: Robe              |    53 |    56 |     8 ||   117
Dodge: Dodged            |   105 |   111 |    34 ||   250
